 Dungeon Crawl Stone Soup version 0.32-a0-984-gb8cfe57ea9 (webtiles) character file.

Game seed: 12970046114267962902

72 P0WERM0DE the Trooper (level 4, 0/37 HPs)
             Began as a Coglin Chaos Knight on Apr 21, 2024.
             Was a Plaything of Xom.
             Slain by a +0 spectral club (2 damage)
             ... created by Ijyb
             ... on level 3 of the Dungeon.
             The game lasted 00:00:38 (1100 turns).

P0WERM0DE the Trooper (Coglin Chaos Knight)         Turns: 1100, Time: 00:00:39

Health: 0/37       AC:  5    Str: 13    XL:     4   Next: 26%
Magic:  4/4        EV: 10    Int: 13    God:    Xom [..*...]
Gold:   103        SH:  0    Dex: 13    Spells: 3/3 levels left

rFire   . . .        a - +0 hand axe (chaos) {Liesl}
rCold   . . .        d - +0 dagger {Malki}
rNeg    . . .        b - +2 leather armour
rPois   .            (no helmet)
rElec   .            (no cloak)
rCorr   .            (no gloves)
SInv    .            (no boots)
Will    +....        (amulet unavailable)
Stlth   +            (ring unavailable)
HPRegen 0.26/turn    (ring unavailable)
MPRegen 0.09/turn    (no gizmo)

%: no passive effects
@: enlightened, flying, slowed, revved, very slow
A: off-hand wielding, slow wielding, warmup strikes, no jewellery
a: Invent Gizmo, Renounce Religion


You were on level 3 of the Dungeon.
You worshipped Xom.
You were a toy of Xom.
You visited 1 branch of the dungeon, and saw 3 of its levels.

You collected 103 gold pieces.

Inventory:

Hand Weapons
 a - a +0 hand axe of chaos (weapon) {Liesl}
 d - a +0 dagger (offhand) {Malki}
Armour
 b - a +2 leather armour (worn)
Scrolls
 c - a scroll of butterflies
 h - a scroll of amnesia
 i - a scroll of immolation
 j - a scroll of revelation
 k - a scroll of enchant armour


   Skills:
 * Level 4.1 Fighting
 * Level 4.1 Axes
 - Level 1.7 Armour
 - Level 0.8 Dodging


You had 3 spell levels left.
You didn't know any spells.
Your spell library contained the following spells:

 Spells                   Type           Power      Damage    Failure   Level
 Scorch                   Fire           0%         2d5       52%         2
 Flame Wave               Conj/Fire      0%         2d4       98%         4
 Summon Cactus Giant      Summ           0%         N/A       100%        6


Dungeon Overview and Level Annotations

Branches:
Dungeon (3/15)

Altars:

Shops:
D:2 (

Annotations:
D:3 Ijyb


Innate Abilities, Weirdness & Mutations

You can wield a second weapon in your off-hand.
It takes a long time for you to wield or remove held weapons.
Your first few attacks do less damage.
You cannot equip rings or amulets.


Message History

The +0 spectral club hits Natasha.
Natasha dies!
Natasha screams in pain as she dies!
Your Fighting skill increases to level 4!
Your Axes skill increases to level 4!
You have reached level 4!
You feel stronger.
It was a potion of magic.
Magic courses through your body.
Xom thinks this is hilarious!
Ijyb barely misses the +0 spectral club. x2
It was a potion of enlightenment.
You feel very buoyant.
You fly up into the air.
Ijyb closely misses the +0 spectral club.
Ijyb barely misses the +0 spectral club.
Ijyb hits the +0 spectral club with a +0 spectral club.
Ijyb hits you with a +0 spectral club.
* * * LOW HITPOINT WARNING * * *
The +0 spectral club barely misses you.
You hit Ijyb but do no damage. x2; Ijyb barely misses you.
The +0 spectral club hits you but does no damage.
Ijyb misses the +0 spectral club.
Ijyb hits the +0 spectral club with a +0 spectral club.
You hit Ijyb with your +0 dagger.
Ijyb is lightly wounded.
You barely miss Ijyb with your +0 hand axe of chaos.
Ijyb hits you with a +0 spectral club.
* * * LOW HITPOINT WARNING * * *
The +0 spectral club hits you.
* * * LOW HITPOINT WARNING * * *
Ijyb misses the +0 spectral club.
You hit Ijyb but do no damage.
You hit Ijyb with your +0 hand axe of chaos.
Ijyb closely misses you.
The +0 spectral club closely misses you.
Ijyb hits you with a +0 spectral club.
* * * LOW HITPOINT WARNING * * *
The +0 spectral club hits you.
You die... "It was about time."

#.................
####..#.###..........
#.......# #..........
#.##...## # #.###
##.##.# ####
#.....##...
.....##.#..# ##.#
#@#.# .. #g(.#
...............#
................
.............###
..........<..#
...##........# .!.
#........# ##
#........#


You could see a neutral +0 spectral club and the neutral Ijyb (fast, strong,
frenzied).

Vanquished Creatures
  3 adders
  A dart slug (D:1)
  A bat (D:1)
  3 endoplasms
  A giant cockroach (D:2)
  2 hobgoblins
  4 jackals
  2 kobolds (D:2)
  A quokka (D:2)
  A ball python (D:1)
  3 rats
22 creatures vanquished.

Vanquished Creatures (others)
  Natasha (D:3)
1 creature vanquished.

Grand Total: 23 creatures vanquished

Notes
Turn   | Place    | Note
-------+----------+-------------------------------------------
     0 | D:1      | P0WERM0DE the Coglin Chaos Knight began the quest for the
                  | Orb.
     0 | D:1      | Reached XP level 1. HP: 18/18 MP: 1/1
    43 | D:1      | XOM: smoke on damage
   233 | D:1      | Reached XP level 2. HP: 21/24 MP: 2/2
   316 | D:1      | You fall into a shaft and drop 1 floor!
   407 | D:2      | XOM: 5-stop teleportation journey
   464 | D:2      | Reached XP level 3. HP: 29/29 MP: 3/3
   694 | D:2      | Found Qaakuju's Antique Weapon Emporium.
   849 | D:2      | XOM: silly message
   993 | D:2      | XOM: silly message
  1086 | D:3      | Noticed Natasha
  1087 | D:3      | XOM: noise
  1088 | D:3      | Noticed Ijyb
  1094 | D:3      | Killed Natasha
  1095 | D:3      | Reached XP level 4. HP: 12/37 MP: 4/4
  1100 | D:3      | Slain by a +0 spectral club

Illustrated notes

Levels and vault maps discovered:
D:1:      mrwooster_arrival_statue, layout_loops_corners,
          basic_ecumenical_altar, serial_bayou_crossing
D:2:      layout_basic, serial_shops, nicolae_shop_tiny_real_fake_doors,
          chequers_serial_rivers_large_b
D:3:      layout_rooms, st_stairs_11, uniq_natasha, uniq_ijyb

Skill      XL: |  1  2  3 |
---------------+----------+-----
Fighting       | 4 |  4.1
Axes           | 4 |  4.1
Armour         | |  1.7
Dodging        | |  0.8

Action                     |  1- 3 |  4- 6 || total
---------------------------+-------+-------++-------
  Melee: Hand axe          |    58 |     3 ||    61
         Dagger            |    50 |     3 ||    53
    Use: Scroll            |     4 |       ||     4
         Potion            |       |     2 ||     2
   Stab: Sleeping          |     1 |       ||     1
 Armour: Leather armour    |    37 |     6 ||    43
  Dodge: Dodged            |    31 |     4 ||    35

Table legend: (Time is in decaauts)
 A = Elapsed time spent in this place.
 B = Non-inter-level travel time spent in this place.
 C = Inter-level travel time spent in this place.
 D = Time resting spent in this place.
 E = Time spent auto-exploring this place.
 F = Levels seen in this place.
 G = Mean time per level.
                   A        B        C        D        E       F      G
               +--------+--------+--------+--------+--------+-----+--------+
         Total |   1141 |   1121 |     20 |      0 |    961 |   3 |  380.3 |
       Dungeon |   1141 |   1121 |     20 |      0 |    961 |   3 |  380.3 |
               +--------+--------+--------+--------+--------+-----+--------+

Top non-repeatable levels by time:
     D:2: 726 daAuts
     D:1: 321 daAuts
     D:3: 93 daAuts
